 Dungeon Crawl Stone Soup version 0.29.1-12-g30fa7ad0bf (webtiles) character file.

Game seed: 1507220515984280160

73766 retardedninja the Severer (level 15, -16/141 HPs)
             Began as a Hill Orc Fighter on Dec 15, 2022.
             Was an Initiate of Gozag.
             Demolished by an orc knight
             ... wielding a +0 great mace
              (32 damage)
             ... on level 2 of the Orcish Mines.
             The game lasted 00:35:23 (24796 turns).

retardedninja the Severer (Hill Orc Fighter)       Turns: 24796, Time: 00:35:24

Health: -16/141    AC: 22    Str: 31    XL:     15   Next: 44%
Magic:  13/13      EV:  9    Int:  7    God:    Gozag
Gold:   3083       SH: 18    Dex: 13    Spells: 14/14 levels left

rFire   + . .      SeeInvis .   D - +3 war axe (flame)
rCold   + + .      Faith    .   p - +0 tower shield
rNeg    . . .      Spirit   .   e - +6 chain mail
rPois   +          Reflect  .   (no helmet)
rElec   +          Harm     .   x - +1 cloak
rCorr   +          Rampage  .   h - +0 pair of gloves
Will    ++...      Clarity  +   (no boots)
Stlth   ..........              v - amulet of regeneration
HPRegen 1.13/turn               s - ring of protection from cold
MPRegen 0.13/turn               j - ring of Xom's Bemusement {rPois Dex+4 Slay+5}

@: mighty, resistant, gold aura, hasted, very quick
A: clarity, low MP 1, strong-willed 1, strong 1
a: Renounce Religion, Convert to Beogh, Potion Petition, Call Merchant, Bribe
Branch


You were on level 2 of the Orcish Mines.
You worshipped Gozag.
Gozag was most pleased with you.
You visited 4 branches of the dungeon, and saw 19 of its levels.
You also visited: Trove.

You collected 6388 gold pieces.
You spent 1515 gold pieces at shops.
You paid 1790 gold pieces to Gozag.

Inventory:

Hand Weapons
 D - a +3 war axe of flaming (weapon)
Missiles
 r - 2 javelins
Armour
 e - a +6 chain mail (worn)
 h - a +0 pair of gloves (worn)
 k - a +0 plate armour
 p - a +0 tower shield (worn)
 x - a +1 cloak (worn)
 B - a +0 helmet
 G - the +1 pair of gloves "Tifae" {+Inv Fly Int+5 Dex-4}
   (You found it on level 5 of the Lair of Beasts)

   Int:       It affects your intelligence (+5).
   Dex:       It affects your dexterity (-4).
   +Inv:      It lets you turn invisible.
   Fly:       It grants you flight.
Jewellery
 i - a ring of positive energy
 j - the ring of Xom's Bemusement (right hand) {rPois Dex+4 Slay+5}
   (You acquired it on level 9 of the Dungeon)

   [ring of poison resistance]

   Dex:       It affects your dexterity (+4).
   Slay:      It affects your accuracy & damage with ranged weapons and melee
   (+5).
   rPois:     It protects you from poison.
 s - a ring of protection from cold (left hand)
 v - an amulet of regeneration (around neck)
Wands
 a - a wand of digging (2)
 l - a wand of roots (18)
 o - a wand of flame (23) (quivered)
 z - a wand of paralysis (10)
 F - a wand of acid (26)
 K - a wand of mindburst (6)
Scrolls
 d - 3 scrolls of identify
 f - 7 scrolls of teleportation
 n - 2 scrolls of magic mapping
 y - 2 scrolls of butterflies
 H - a scroll of poison
 I - 2 scrolls of amnesia
Potions
 b - 3 potions of lignification
 c - a potion of attraction
 m - 2 potions of invisibility
 q - 4 potions of magic
 t - 4 potions of flight
 u - 2 potions of might
 w - a potion of brilliance
 A - 8 potions of curing
 C - a potion of heal wounds


   Skills:
 + Level 15.3 Fighting
 + Level 19.1 Axes
 + Level 12.9 Armour
 + Level 4.0 Dodging
 + Level 3.1 Stealth
 + Level 15.3 Shields
 + Level 1.5 Evocations


You had 14 spell levels left.
You didn't know any spells.
Your spell library contained the following spells:

 Spells                   Type           Power      Damage    Failure   Level
 Magic Dart               Conj           0%         1d3       99%         1
 Call Imp                 Summ           0%         N/A       100%        2
 Ensorcelled Hibernation  Hex/Ice        0%         N/A       100%        2
 Mephitic Cloud           Conj/Pois/Air  0%         N/A       100%        3
 Spider Form              Tmut/Pois      0%         N/A       100%        3
 Anguish                  Hex/Necr       0%         N/A       100%        4
 Leda's Liquefaction      Hex/Erth       0%         N/A       100%        4
 Lee's Rapid Deconstruct  Erth           0%         3d5*      100%        5
 Statue Form              Tmut/Erth      0%         N/A       100%        6


Dungeon Overview and Level Annotations

Branches:
Dungeon (11/15)            Temple (1/1) D:4            Lair (5/5) D:8
 Shoals (0/4) Lair:3       Spider (0/4) Lair:3        Slime (0/5) Lair:5
    Orc (2/2) D:11            Elf (0/3) Orc:2

Altars:
Ashenzari
Cheibriados
Dithmenos
Elyvilon
Fedhas
Gozag
Hepliaklqana
Kikubaaqudgha
Makhleb
Nemelex Xobeh
Okawaru
Qazlal
Ru
Sif Muna
Trog
Uskayaw
Vehumet
Wu Jian
Xom
Yredelemnul
Zin
The Shining One
Beogh

Shops:
D:2 *   D:4 (   D:5 *   D:9 (   D:11 [   Orc:1 (=


Innate Abilities, Weirdness & Mutations

You possess an exceptional clarity of mind.
Your magical capacity is low. (-10% MP)
You are strong-willed. (Will+)
Your muscles are strong. (Str +4, Int/Dex -1)


Message History

The orc knight is moderately wounded.
The orc high priest mumbles some strange prayers to Beogh against you.
You resist with almost no effort.
The orc knight roars a battlecry!
The orc knight goes into a battle-frenzy!
Unknown command.
You closely miss the orc knight.
The orc knight is moderately wounded.
The red devil is no longer distracted by gold.
You block the orc high priest's attack.
The orc knight hits you with a +0 great sword!!
The orc knight hits you but does no damage.
You slash the orc high priest! You burn the orc high priest.
The orc high priest is moderately wounded.
You closely miss the orc knight. You slash the orc knight!
You burn the orc knight.
The orc high priest hits you with a +0 glaive!
You block the orc knight's attack.
The orc knight hits you with a +0 great mace!!
* * * LOW HITPOINT WARNING * * *
[a] - 552 gold - haste, resistance and brilliance [b] - 324 gold - brilliance and magic [c] - 672 gold - resistance, might and haste Purchase which effect?
You feel protected.
You feel very mighty all of a sudden.
You feel yourself speed up.
The orc high priest hits you with a +0 glaive.
* * * LOW HITPOINT WARNING * * *
You block the orc knight's attack.
The orc knight hits you with a +0 great mace!!
* * * LOW HITPOINT WARNING * * *
You block the red devil's attack. [a] - 460 gold - haste and resistance [b] - 210 gold - resistance [c] - 231 gold - curing and magic Purchase which effect?
You feel better. Magic courses through your body.
The orc knight hits you with a +0 great mace!!
You die...
Your body crumbles into a pile of gold.

##....#....... ###.....$$......
#### #.......#...._.. ....##
#............... ......##
#...)...........
#.............###$)).).......##
...............#.$))..))..#.##
.#o#.#.#.#.#.#$#$$........#.#
.............4o@.............#
....o......$o$o...........##
...................#..###
.#.#.#.#.#.#.#.#...$....###
........$......#....$....#
#.............##..........
###.........####........$#
###.....### #.$..#..# #######


You could see 2 orc knights, an orc high priest (strong) and a red devil
(summoned).

Vanquished Creatures
  Nessos (Lair:3)
  2 dire elephants (Lair:5)
  2 boulder beetles
  7 hydras
  3 two-headed ogres
  13 death yaks
  Erica (D:8)
  3 orc high priests
  A fire crab (Lair:5)
  A spectral anaconda (Lair:5)
  An obsidian statue (Lair:5)
  3 necromancers (Lair:5)
  Pikel (D:8)
  6 orc knights
  3 ugly things (D:11)
  An orc sorcerer (Orc:2)
  2 dire elephant zombies (Lair:5)
  29 elephants
  2 black mambas
  A gargoyle (D:11)
  23 cane toads
  4 komodo dragons
  An unseen horror (D:10)
  2 kobold demonologists
  3 trolls
  A hornet (D:8)
  Grinder (D:5)
  Prince Ribbit (D:7)
  A polar bear (Lair:5)
  16 blink frogs
  7 dream sheep
  4 spectral elephants (Lair:5)
  A snapping turtle (Lair:3)
  A dire elephant simulacrum (Lair:5)
  A water elemental (D:11)
  A shadow (D:10)
  2 wraiths (D:9)
  9 wyverns
  A vampire (D:11)
  5 basilisks
  36 yaks
  2 steam dragons
  2 death yak simulacra (Lair:5)
  2 wargs
  15 water moccasins
  42 orc warriors
  An ice beast (D:8)
  2 sky beasts
  4 black bears
  3 elephant zombies (Lair:5)
  13 ogres
  3 centaurs
  2 elephant skeletons (Lair:5)
  A phantom (D:4)
  2 lemures (D:8)
  A kobold brigand (D:11)
  12 bullfrogs
  A necrophage (D:5)
  A gnoll sergeant (D:11)
  6 scorpions
  12 wights
  6 killer bees (D:10)
  2 elephant simulacra (Lair:5)
  4 electric eels
  5 howler monkeys
  27 orc priests
  4 hounds
  8 jellies
  A gnoll bouda (Orc:1)
  3 iron imps (D:3)
  10 hell rats
  4 iguanas
  Ijyb (D:3)
  12 orc wizards
  10 gnolls
  5 adders
  2 ufetubi
  5 dart slugs
  89 orcs
  5 ball pythons
  10 bats
  9 endoplasms
  6 giant cockroaches
  8 goblins
  7 hobgoblins
  3 jackals (D:1)
  3 quokkas
  3 frilled lizards (D:1)
  8 kobolds
  9 rats
  A bush (D:10)
601 creatures vanquished.

Vanquished Creatures (others)
  29 fungi
  36 plants
  36 withered plants (Lair:5)
101 creatures vanquished.

Grand Total: 702 creatures vanquished

Notes
Turn   | Place    | Note
-------+----------+-------------------------------------------
     0 | D:1      | retardedninja the Hill Orc Fighter began the quest for the
                  | Orb.
     0 | D:1      | Reached XP level 1. HP: 19/19 MP: 1/1
   156 | D:1      | Reached XP level 2. HP: 27/27 MP: 2/2
   519 | D:1      | Reached skill level 3 in Axes
   603 | D:1      | Reached XP level 3. HP: 30/33 MP: 3/3
   667 | D:1      | Found a faded altar of an unknown god.
  1268 | D:2      | Reached skill level 4 in Axes
  1588 | D:2      | Found Nuanic's General Store.
  1615 | D:2      | Found a glowing silver altar of Zin.
  1634 | D:2      | Reached XP level 4. HP: 40/40 MP: 4/4
  2236 | D:3      | Noticed Ijyb
  2242 | D:3      | Killed Ijyb
  2405 | D:3      | Found a burning altar of Makhleb.
  2427 | D:3      | Reached XP level 5. HP: 34/46 MP: 5/5
  2442 | D:3      | Reached skill level 5 in Axes
  2904 | D:4      | Noticed a phantom
  2917 | D:4      | Found Cur Buc's Weapon Emporium.
  2918 | D:4      | Killed a phantom
  2919 | D:4      | Reached XP level 6. HP: 39/55 MP: 6/6
  2938 | D:4      | Found a staircase to the Ecumenical Temple.
  2958 | Temple   | Entered the Ecumenical Temple
  3074 | Temple   | Became a worshipper of Gozag Ym Sagoz the Greedy
  3121 | D:4      | Reached skill level 5 in Fighting
  3455 | D:4      | Reached skill level 6 in Axes
  3455 | D:4      | Reached skill level 1 in Dodging
  3455 | D:4      | Reached XP level 7. HP: 10/61 MP: 7/7
  3908 | D:4      | Reached skill level 5 in Armour
  4337 | D:4      | Found an iron altar of Okawaru.
  4338 | D:4      | Found a radiant altar of Vehumet.
  4339 | D:4      | Found a shimmering altar of Xom.
  4344 | D:4      | Found a hide-covered altar of Uskayaw.
  4643 | D:5      | Entered Level 5 of the Dungeon
  4677 | D:5      | Reached skill level 5 in Shields
  4821 | D:5      | Reached skill level 7 in Axes
  4830 | D:5      | Reached XP level 8. HP: 58/70 MP: 8/8
  4959 | D:5      | Found Neiruema's Fire Supplies.
  5670 | D:5      | Noticed Grinder
  5687 | D:5      | Reached skill level 8 in Axes
  5687 | D:5      | Reached skill level 1 in Evocations
  6263 | D:5      | Killed Grinder
  6806 | D:6      | Reached XP level 9. HP: 42/79 MP: 9/9
  7309 | D:6      | Found a shadowy altar of Dithmenos.
  8410 | D:7      | Reached skill level 9 in Axes
  8465 | D:7      | Noticed Prince Ribbit
  8471 | D:7      | Killed Prince Ribbit
  8942 | D:5      | Bought a +1 war axe of flaming for 172 gold pieces
  9324 | D:8      | Found a staircase to the Lair.
  9332 | D:8      | Noticed Pikel
  9342 | D:8      | Reached skill level 10 in Axes
  9343 | D:8      | Reached XP level 10. HP: 48/88 MP: 10/10
  9352 | D:8      | Killed Pikel
  9895 | D:8      | Reached skill level 11 in Axes
  9931 | D:8      | Noticed Erica
  9940 | D:8      | Killed Erica
  9978 | D:8      | Reached skill level 1 in Stealth
 10204 | D:8      | Found a roughly hewn altar of Beogh.
 10361 | D:8      | Reached skill level 12 in Axes
 10500 | D:8      | Reached XP level 11. HP: 97/97 MP: 11/11
 10813 | D:8      | Noticed a seven-headed hydra
 10822 | D:8      | Killed a two-headed hydra
 10823 | D:8      | Reached skill level 13 in Axes
 11028 | D:8      | Identified the +1 leather armour of Dishonesty {rPois}
 11075 | D:9      | Identified a scroll of acquirement
 11075 | D:9      | Acquired the ring of Xom's Bemusement {rPois Dex+4 Slay+5}
 11140 | D:9      | Found Imuaseopp's Antique Weapon Boutique.
 11149 | D:9      | Bought a runed battleaxe for 247 gold pieces
 11175 | D:9      | Noticed a two-headed ogre
 11182 | D:9      | Killed a two-headed ogre
 11206 | D:9      | Noticed a sun demon
 11210 | D:9      | Reached skill level 10 in Shields
 11881 | D:9      | Identified the +2 robe "Irghiogaa" {rN++ Will+ rCorr Dex-5}
 12253 | D:10     | Entered Level 10 of the Dungeon
 12346 | D:10     | Reached skill level 14 in Axes
 12757 | D:10     | Found a blossoming altar of Fedhas.
 12931 | D:10     | Found a portal to a secret trove of treasure.
 13072 | D:2      | Bought the +8 great sword "Laathoc" {freeze, *Noise rC+
                  | rN++ rCorr} for 1096 gold pieces
 13310 | D:10     | You paid a toll of the great sword "Laathoc" to enter a
                  | treasure trove
 13311 | Trove    | Entered a treasure trove
 13796 | D:10     | Reached skill level 10 in Fighting
 13862 | Lair:1   | Entered Level 1 of the Lair of Beasts
 14506 | Lair:1   | Found a sparkling altar of Nemelex Xobeh.
 14520 | Lair:1   | Noticed a boulder beetle
 14554 | Lair:1   | Killed a boulder beetle
 14555 | Lair:1   | Reached XP level 12. HP: 16/106 MP: 12/12
 15494 | Lair:2   | Noticed a six-headed hydra
 15497 | Lair:2   | Reached skill level 10 in Armour
 15511 | Lair:2   | Reached skill level 15 in Axes
 15514 | Lair:2   | Killed a one-headed hydra
 16326 | Lair:3   | Noticed Nessos
 16344 | Lair:3   | Killed Nessos
 16345 | Lair:3   | Reached skill level 16 in Axes
 16646 | Lair:3   | Found a staircase to the Shoals.
 16829 | Lair:3   | Noticed a death yak
 16829 | Lair:3   | Noticed a death yak
 16830 | Lair:3   | Noticed a death yak
 16830 | Lair:3   | Noticed a death yak
 16837 | Lair:3   | Reached XP level 13. HP: 116/116 MP: 13/13
 17079 | Lair:3   | Found a hole to the Spider Nest.
 17490 | Lair:4   | Reached skill level 17 in Axes
 18297 | Lair:5   | Entered Level 5 of the Lair of Beasts
 19213 | Lair:5   | Reached XP level 14. HP: 76/129 MP: 14/14
 19538 | Lair:5   | Noticed a dire elephant
 19538 | Lair:5   | Noticed a dire elephant
 19562 | Lair:5   | Reached skill level 18 in Axes
 19709 | Lair:5   | Identified the +3 long sword "Lagampext" {vorpal, Str+3}
 20067 | Lair:5   | Found a runed translucent door.
 20328 | Lair:5   | Found a staircase to the Slime Pits.
 20460 | Lair:5   | Identified the +1 pair of gloves "Tifae" {+Inv Fly Int+5
                  | Dex-4}
 20890 | Lair:5   | Killed a dire elephant
 20891 | Lair:5   | Killed a dire elephant
 21333 | Lair:5   | Gained mutation: You are clumsy. (Dex -2) [a neqoxec]
 21334 | Lair:5   | Gained mutation: You are dopey. (Int -2) [a neqoxec]
 21343 | Lair:5   | Identified the amulet "Lidesol" {rC- Regen+ Dex+5}
 21628 | D:11     | Found a hide-covered altar of Uskayaw.
 21677 | D:11     | Reached XP level 15. HP: 62/139 MP: 15/15
 22376 | D:11     | Found Ymogeoff's Armour Boutique.
 22390 | D:11     | Found a staircase to the Orcish Mines.
 22391 | D:11     | Lost mutation: You are dopey. (Int -2) [potion of mutation]
 22391 | D:11     | Lost mutation: You are clumsy. (Dex -2) [potion of
                  | mutation]
 22391 | D:11     | Gained mutation: You have hidden genetic potential. [potion
                  | of mutation]
 22391 | D:11     | Gained mutation: Your spells are a little harder to cast,
                  | but a little more powerful. [potion of mutation]
 22391 | D:11     | Lost mutation: You have hidden genetic potential. [potion
                  | of mutation]
 22391 | D:11     | Gained mutation: Your spells are harder to cast, but more
                  | powerful. [potion of mutation]
 22392 | D:11     | Lost mutation: Your spells are harder to cast, but more
                  | powerful. [potion of mutation]
 22392 | D:11     | Lost mutation: Your spells are a little harder to cast, but
                  | a little more powerful. [potion of mutation]
 22392 | D:11     | Gained mutation: Your spells are a little easier to cast,
                  | but a little less powerful. [potion of mutation]
 22393 | D:11     | Lost mutation: Your spells are a little easier to cast, but
                  | a little less powerful. [potion of mutation]
 22393 | D:11     | Gained mutation: You have a pair of small horns on your
                  | head. [potion of mutation]
 22393 | D:11     | Gained mutation: You expend magic power (3 MP) to
                  | strengthen your wands. [potion of mutation]
 22393 | D:11     | Gained mutation: You are weak. (Str -2) [potion of
                  | mutation]
 22393 | D:11     | Gained mutation: You possess an exceptional clarity of
                  | mind. [potion of mutation]
 22394 | D:11     | Lost mutation: You expend magic power (3 MP) to strengthen
                  | your wands. [potion of mutation]
 22394 | D:11     | Lost mutation: You are weak. (Str -2) [potion of mutation]
 22394 | D:11     | Lost mutation: You have a pair of small horns on your head.
                  | [potion of mutation]
 22394 | D:11     | Gained mutation: Your magical capacity is low. (-10% MP)
                  | [potion of mutation]
 22394 | D:11     | Gained mutation: Your muscles are strong. (Str +4, Int/Dex
                  | -1) [potion of mutation]
 22394 | D:11     | Gained mutation: You are strong-willed. (Will+) [potion of
                  | mutation]
 22951 | Orc:1    | Entered Level 1 of the Orcish Mines
 23210 | Orc:1    | Found Roepsept's Weapon Boutique.
 23507 | Orc:1    | Reached skill level 15 in Shields
 23555 | Orc:1    | Found Xecej's Jewellery Emporium.
 23563 | Orc:1    | Found a roughly hewn altar of Beogh.
 23725 | Orc:2    | Entered Level 2 of the Orcish Mines
 23744 | Orc:2    | Reached skill level 15 in Fighting
 23922 | Orc:2    | Found a staircase to the Elven Halls.
 23953 | Orc:2    | Reached skill level 19 in Axes
 24738 | Orc:2    | Found a shimmering altar of Xom.
 24795 | Orc:2    | HP: 6/141 [orc knight/+0 great mace (27)]
 24796 | Orc:2    | Demolished by an orc knight

Illustrated notes

Levels and vault maps discovered:
D:1:      amcnicky_arrival_feature_with_door, layout_loops_corners,
          hellmonk_ecumenical_altar_prayer_group
D:2:      layout_basic, basic_altar, serial_shops, shop, minmay_surrounded
D:3:      layout_basic, demons_altar, uniq_ijyb
D:4:      layout_cave_pools, minitemple, temple_statues, serial_shops,
          nicolae_shop_advertising_works [nicolae_subvault_shop_adworks],
          hangedman_decor_push
D:5:      layout_basic, supply_closet_lemuel, glass_columns_b,
          nicolae_shop_fire_sale [nicolae_sub_dead_trees], nrook_mini_vaults,
          saegor_snake_ambush, uniq_grinder
D:6:      layout_basic, grunt_dithmenos_smoke
D:7:      layout_cave_pods, uniq_prince_ribbit1
D:8:      layout_loops_ring, minmay_lair_entry_grove, special_room
          [special_room_orc], uniq_erica, uniq_pikel
D:9:      layout_loops_ring, serial_shops, shop, enter_bailey_8
D:10:     layout_stronghold, fedhas_bush_and_centaur_altar, enter_trove_6,
          minmay_misc_feat_doors
D:11:     layout_basic, orc_0_dummy, serial_shops, kennysheep_mini_moat,
          minmay_ruined_shrine
Temple:   hellmonk_temple_two_chambers
Lair:1:   layout_layer_cave, basic_altar, infiniplex_staircase_pool,
          serial_bayou_shore_b, grunt_megastairs_2
Lair:2:   layout_loops_ring, infiniplex_staircase_pool_2
Lair:3:   layout_hall_layers, minmay_shoals_entry_hut, dummy_spider_entry,
          beast_lair_carwin_1, uniq_nessos
Lair:4:   layout_cellular_growth
Lair:5:   due_jungle_book, layout_regular_city, slime_entry_2,
          serial_bayou_crossing, lemuel_fruit_tree
Orc:1:    layout_caves, serial_shops, shop, shop, basic_altar
Orc:2:    st_orc_pillars, layout_caves, basic_altar

Skill      XL: |  1  2  3  4  5  6  7  8  9 10 11 12 13 14 15 |
---------------+----------------------------------------------+-----
Axes           | 3 4 5 6 7 8 10 12 14 16 17 18 19 | 19.1
Fighting       | 4 5 7 8 9 10 11 13 14 15 | 15.3
Shields        | 4 5 6 7 9 10 12 13 14 15 | 15.3
Armour         | 4 5 6 7 8 9 10 11 12 | 12.9
Dodging        | 1 2 3 4 |  4.0
Evocations     | 1 |  1.5
Stealth        | 1 2 3 |  3.1

Action                   |  1- 3 |  4- 6 |  7- 9 | 10-12 | 13-15 || total
-------------------------+-------+-------+-------+-------+-------++-------
Melee: War axe           |   106 |   102 |   265 |   519 |   771 ||  1763
Invok: Potion Petition   |       |       |       |     2 |     2 ||     4
Evoke: Wand              |       |     4 |     3 |     1 |       ||     8
  Use: Scroll            |       |     7 |    10 |    15 |    10 ||    42
       Potion            |       |     5 |     4 |     9 |     6 ||    24
 Stab: Distracted        |       |       |       |     6 |    12 ||    18
Armor: Scale mail        |    50 |     1 |       |       |       ||    51
       Chain mail        |       |    50 |   163 |   255 |   358 ||   826
Dodge: Dodged            |    45 |    29 |    63 |    79 |   184 ||   400
Block: Kite shield       |    52 |    45 |    99 |       |       ||   196
       Buckler           |     1 |       |       |       |       ||     1
       Reflection        |       |       |     2 |     9 |       ||    11
       Tower shield      |       |       |   105 |   468 |   666 ||  1239
